Map: Tourmaline LE

Players

SCIInewby - Winner!

  • Race: Protoss Protoss
  • League: Master
  • Spawn Location: 1:00

Littlesmurf

  • Race: Zerg Zerg
  • League: Master
  • Spawn Location: 7:00

VOD

Have the link to the VOD?

Description

Time

  • Played on: Feb. 10, 2026, 12:39 p.m.
  • Length: 11:59
Show
View Real Time Build Order
Export as new Build Order

SCIInewby Protoss - Winner!

Build Orders:  

Get SALT Encoding   

  12  0:00  Probe  
  13  0:13  Probe  
  14  0:20  Pylon  
  14  0:29  Probe  
  15  0:42  Forge, Probe  
  16  0:54  Probe  
  17  0:59  Gateway  
  17  1:05  Assimilator  
  17  1:06  Probe  
  18  1:17  Photon Cannon  
  18  1:21  Probe  
  19  1:39  Pylon  
  19  1:42  Photon Cannon  
  19  1:43  Probe  
  20  1:49  Zealot  
  21  1:55  Probe  
  22  2:07  Probe  
  23  2:18  Pylon  
  22  2:24  Probe  
  23  2:34  Nexus  
  23  2:41  Probe  
  24  2:45  Assimilator  
  24  2:53  Probe  
  24  2:56  Cybernetics Core  
  25  3:09  Pylon  
  25  3:12  Probe, Pylon  
  26  3:24  Probe  
  27  3:32  Photon Cannon  
  27  3:36  Photon Cannon  
  27  3:38  Stalker  
  27  3:39  Warp Gate  
  29  3:43  Probe  
  29  3:46  Probe  
  31  3:51  Probe  
  31  4:00  Protoss Ground Weapons Level 1  
  32  4:08  Gateway  
  32  4:10  Gateway  
  32  4:13  Probe  
  32  4:14  Probe  
  34  4:28  Gateway  
  34  4:37  Probe x2  
  36  4:46  Assimilator  
  36  4:48  Assimilator  
  36  4:49  Probe x2  
  38  4:53  Twilight Council  
  38  4:58  Pylon  
  38  5:06  Probe  
  39  5:08  Probe  
  39  5:12  Pylon  
  40  5:15  Pylon  
  40  5:34  Stargate  
  40  5:37  Stargate  
  40  5:39  Photon Cannon  
  40  5:42  Probe  
  40  5:43  Photon Cannon  
  40  5:45  Probe  
  42  5:50  Probe, Pylon  
  42  5:51  Charge  
  42  5:56  Protoss Shields Level 1  
  43  5:57  Zealot x2, Probe  
  43  5:58  Pylon  
  43  6:00  Probe  
  49  6:09  Probe  
  50  6:14  Stalker  
  52  6:20  Zealot x2  
  56  6:35  Fleet Beacon, Probe x2  
  58  6:48  Pylon  
  58  6:57  Zealot x2  
  58  6:58  Zealot  
  64  7:10  Pylon  
  64  7:14  Pylon  
  64  7:15  Nexus  
  64  7:22  Gateway  
  64  7:23  Gateway  
  64  7:26  Pylon  
  64  7:32  Probe x2  
  66  7:41  Dark Shrine  
  66  7:47  Probe x2  
  66  7:49  Stalker  
  66  7:50  Stalker  
  72  7:52  Assimilator  
  72  7:56  Assimilator, Carrier  
  77  8:21  Probe x2  
  79  8:33  Probe  
  79  8:40  Probe x2  
  80  8:43  Probe  
  81  8:49  Probe x2  
  81  8:51  Probe  
  83  8:57  Dark Templar  
  83  8:58  Dark Templar x4  
  83  8:59  Dark Templar  
  96  9:03  Carrier  
  96  9:16  Carrier  
  108  9:26  Probe x3  
  111  9:37  Zealot x5  
  121  9:38  Probe x2  
  121  9:39  Probe  
  124  9:49  Zealot  
  96  10:20  Nexus  
  90  10:25  Dark Templar x5  
  90  10:26  Dark Templar  
  72  11:22  Dark Templar x5  
  72  11:23  Dark Templar  
  84  11:54  Stalker  
  84  11:55  Stalker  
Show
View Real Time Build Order
Export as new Build Order

Littlesmurf Zerg 

Build Orders: Pool First 

Get SALT Encoding   

  12  0:01  Drone  
  13  0:23  Spawning Pool  
  13  0:26  Drone  
  13  0:34  Overlord  
  13  0:54  Drone  
  14  1:10  Zergling x6  
  17  1:11  Queen  
  19  1:27  Hatchery  
  18  1:36  Drone x2  
  20  1:52  Drone, Extractor  
  18  2:20  Zergling x6  
  20  2:27  Roach Warren  
  19  2:33  Drone x3  
  22  2:39  Drone  
  23  2:45  Drone  
  23  2:51  Queen  
  26  2:52  Drone  
  27  3:03  Zergling x2  
  27  3:04  Overlord x2  
  28  3:17  Metabolic Boost  
  28  3:23  Roach  
  28  3:24  Roach  
  28  3:26  Drone x3  
  35  3:53  Extractor  
  35  3:55  Hatchery, Drone  
  33  3:56  Drone  
  35  4:07  Zergling x6  
  38  4:10  Lair  
  38  4:18  Drone  
  38  4:19  Drone x2  
  41  4:26  Roach  
  41  4:28  Overlord x2  
  43  4:34  Drone  
  44  4:47  Drone x2  
  46  4:56  Drone x2  
  48  5:00  Extractor  
  47  5:13  Drone x4  
  51  5:16  Roach x3  
  51  5:17  Roach  
  51  5:19  Zergling x4  
  61  5:27  Drone  
  62  5:40  Spire  
  62  5:41  Drone  
  62  5:42  Drone x3  
  65  5:48  Drone  
  66  5:53  Overlord x2  
  66  6:11  Queen, Overlord  
  66  6:12  Overlord x3  
  68  6:28  Hydralisk Den  
  68  6:32  Zergling x2  
  68  6:33  Zergling x4  
  68  6:35  Drone  
  68  6:36  Drone x2  
  73  6:48  Drone  
  74  6:56  Mutalisk x2  
  74  6:57  Mutalisk x2  
  82  7:04  Drone x3  
  85  7:09  Evolution Chamber  
  85  7:10  Zergling x6, Hatchery  
  85  7:11  Zergling x6, Evolution Chamber  
  85  7:12  Mutalisk  
  85  7:13  Mutalisk  
  92  7:30  Drone x3  
  92  7:31  Drone x3  
  92  7:32  Extractor  
  92  7:36  Zerg Melee Weapons Level 1  
  97  7:37  Zerg Ground Armor Level 1  
  97  7:52  Drone x4  
  101  8:03  Zerg Flyer Weapons Level 1  
  101  8:05  Hydralisk x5  
  101  8:07  Hydralisk  
  111  8:34  Corruptor  
  111  8:35  Corruptor  
  113  8:47  Extractor  
  112  8:49  Corruptor x2  
  116  8:57  Drone x3  
  119  9:07  Overlord x3  
  119  9:25  Queen  
  119  9:26  Overlord x2  
  119  9:29  Corruptor x2  
  125  9:32  Corruptor x3  
  131  9:43  Drone x3  
  122  10:11  Overseer  
  80  10:31  Zergling x2  
  80  10:32  Zergling x16  
  75  10:37  Zergling x8  
  75  10:38  Zergling x2  
  74  10:45  Zergling x2  
  74  10:46  Zergling x4  
  44  11:22  Zergling x6  
  47  11:26  Mutalisk  
  47  11:27  Corruptor x2  
  53  11:34  Zergling x2  
Tags
 
Matchup
PvZ
Opening
Pool First
Replay Pack
Multiplayer
Spawn Locations
Cross Positions
Add a new tag
Caveats
  • Supply blocks, unpowered buildings, or Contaminate may cause inaccurate times.
  • Supply counts are checked every 10 seconds.